 Dungeon Crawl Stone Soup version 0.26.0-20-g3ca415f5b8 (webtiles) character file.

Game seed: 5397948512934323565

16852 DildoBatman the Black Sun (level 12, -5/101 HPs)
             Began as a Formicid Conjurer on Jan 25, 2021.
             Was a High Priest of Kikubaaqudgha.
             Slain by an orc warlord
             ... wielding a +3 dire flail of protection
              (29 damage)
             ... on level 1 of the Orcish Mines.
             The game lasted 01:05:52 (11183 turns).

DildoBatman the Black Sun (Formicid Conjurer)      Turns: 11183, Time: 01:05:53

Health: -5/101     AC: 10    Str: 17      XL:     12   Next: 75%
Magic:  8/31       EV: 15    Int: 26 (28) God:    Kikubaaqudgha [*****.]
Gold:   976        SH: 11    Dex: 13      Spells: 10/25 levels left

rFire    + . .     SeeInvis +   a - +3 falchion (freeze)
rCold    x . .     Faith    .   F - +0 kite shield of Repulsion {rElec rC- MP+9 Str+6}
rNeg     + . .     Spirit   .   o - +0 troll leather armour
rPois    +         Reflect  .   (helmet unavailable)
rElec    +         Harm     .   I - +2 ratskin cloak {*Rats rPois rN+ Str-1 Int-1 Dex+1}
rCorr    .         Rampage  .   h - +0 pair of gloves
Will     +....     Clarity  +   (no boots)
Stlth    ++........             g - amulet of the acrobat
HPRegen  0.66/turn              O - ring "Eplau" {*Tele Dex+3}
MPRegen  0.22/turn              P - +6 ring of intelligence

@: no status effects
A: permanent stasis, dig shafts and tunnels, four strong arms, antennae 3,
talons 1, clarity, deterioration 1, fire resistance 1, robust 1
a: Dig, Shaft Self, Renounce Religion, Receive Corpses, Torment


You were on level 1 of the Orcish Mines.
You worshipped Kikubaaqudgha.
Kikubaaqudgha was extremely pleased with you.
You visited 3 branches of the dungeon, and saw 12 of its levels.
You also visited: Sewer and Bailey.

You collected 976 gold pieces.

Inventory:

Hand Weapons
 a - a +3 falchion of freezing (weapon)
 b - a +2 whip of electrocution
 c - a +0 hunting sling
 d - a +1 hand axe of venom
 e - a +4 spear
 f - a +2 hand axe of flaming
Missiles
 j - 171 arrows
 l - 16 boomerangs
 p - 65 bolts
 w - 52 sling bullets
 y - 41 poisoned darts
 V - 349 stones
Armour
 h - a +0 pair of gloves (worn)
 m - a +1 robe of cold resistance
 o - a +0 troll leather armour (worn)
 t - a +2 robe of the Archmagi
 E - a +2 robe of positive energy
 F - the +0 kite shield of Repulsion (worn) {rElec rC- MP+9 Str+6}
   (You found it in a bailey)

   It affects your strength (+6).
   It makes you vulnerable to cold.
   It insulates you from electricity.
   It affects your magic capacity (+9).
 I - the +2 ratskin cloak (worn) {*Rats rPois rN+ Str-1 Int-1 Dex+1}
   (You found it on level 6 of the Dungeon)

   It affects your strength (-1).
   It affects your intelligence (-1).
   It affects your dexterity (+1).
   It protects you from poison.
   It protects you from negative energy.
Magical Staves
 s - an uncursed staff of conjuration
 W - an uncursed staff of cold
Jewellery
 g - an amulet of the acrobat (around neck)
 H - an uncursed ring of poison resistance
 O - the ring "Eplau" (left hand) {*Tele Dex+3}
   (You found it on level 8 of the Dungeon)

   [ring of teleportation]

   It may teleport you next to monsters.
   It affects your dexterity (+3).
 P - a +6 ring of intelligence (right hand)
Wands
 A - a wand of paralysis (1)
 G - a wand of iceblast (9)
 L - a wand of flame (20)
 Q - a wand of digging (8)
 U - a wand of random effects (24)
Scrolls
 k - a scroll of random uselessness {unknown}
 n - 5 scrolls of amnesia
 z - 8 scrolls of identify
 C - a scroll of magic mapping
 D - 2 scrolls of immolation
 J - a scroll of blinking {unknown}
 M - a scroll of fog {unknown}
 R - a scroll of remove curse
 X - a scroll of enchant weapon {unknown}
Potions
 i - a potion of cancellation
 q - 4 potions of lignification
 r - a potion of magic {unknown}
 u - a potion of resistance
 v - a potion of mutation
 x - a potion of invisibility {unknown}
 B - 5 potions of might
 K - a potion of attraction {unknown}
 N - 7 potions of curing
 S - a potion of ambrosia {unknown}
 T - a potion of brilliance {unknown}


   Skills:
 * Level 8.0 Fighting
 * Level 8.1 Armour
 * Level 6.0 Dodging
 - Level 2.4 Stealth
 - Level 9.0 Shields
 - Level 7.0 Spellcasting
 - Level 6.0 Conjurations
 * Level 10.6 Necromancy
 * Level 3.3 Fire Magic


You had 10 spell levels left.
You knew the following spells:

 Your Spells              Type           Power        Failure   Level
a - Searing Ray           Conj           80%          1%          2
b - Conjure Flame         Conj/Fire      33%          3%          3
c - Magic Dart            Conj           100%         1%          1
d - Vampiric Draining     Necr           29%          1%          3
h - Dispel Undead         Necr           59%          1%          4
z - Sublimation of Blood  Necr           29%          1%          2

Your spell library contained the following spells:

 Spells                   Type           Power        Failure   Level
 Animate Skeleton         Necr           100%         1%          1
 Foxfire                  Conj/Fire      100%         1%          1
 Pain                     Necr           100%         1%          1
 Corpse Rot               Necr/Air       N/A          1%          2
 Animate Dead             Necr           29%          1%          4
 Agony                    Necr           59%          2%          5
 Excruciating Wounds      Necr           29%          2%          5
 Dazzling Flash           Conj/Hex       48%          6%          3
 Inner Flame              Hex/Fire       17%          11%         3
 Sticky Flame             Conj/Fire      33%          11%         4
 Death Channel            Necr           29%          14%         6
 Fulminant Prism          Conj/Hex       12%          21%         4
 Iskenderun's Mystic Bla  Conj/Tloc      24%          21%         4
 Gell's Gravitas          Tloc           4%           22%         3
 Lesser Beckoning         Tloc           4%           22%         3
 Teleport Other           Tloc           9%           22%         3
 Fireball                 Conj/Fire      16%          28%         5
 Passage of Golubria      Tloc           N/A          56%         4
 Simulacrum               Ice/Necr       18%          77%         6
 Blink                    Tloc           Unusable     N/A         2

Dungeon Overview and Level Annotations

Branches:
Dungeon (10/15)            Temple (1/1) D:7            Lair (0/6) D:10
    Orc (1/2) D:10          Sewer (visited)          Bailey (visited)

Altars:
Ashenzari
Cheibriados
Dithmenos
Elyvilon
Fedhas
Gozag
Hepliaklqana
Kikubaaqudgha
Nemelex Xobeh
Okawaru
Qazlal
Ru
Sif Muna
Trog
Uskayaw
Vehumet
Wu Jian
Xom
Yredelemnul
Zin

Shops:
D:8 =   D:9 ?   Orc:1 (

Annotations:
D:8 exclusion: earth elemental


Innate Abilities, Weirdness & Mutations

You cannot be hasted, slowed, berserked, paralysed or teleported.
You can dig through walls and to a lower floor.
Your four strong arms can wield two-handed weapons with a shield.
You have a pair of large antennae on your head. (SInv)
You have sharp toenails.
You possess an exceptional clarity of mind.
Your body sometimes deteriorates upon taking damage.
Your flesh is heat resistant. (rF+)
You are robust. (+10% HP)


Message History

Aiming: Searing Ray (safe; 1% risk of failure)
Press: ? - help, Shift-Dir - straight line, f/p - orc warlord
Aim: an orc warlord, wielding a +3 dire flail of protection and wearing a +1 plate armour of fire resistance (flame, heavily wounded, 11% to evade)
The searing ray hits the orc warlord.
The orc warlord is heavily wounded.
The searing ray hits the orc warrior!
The orc warrior is severely wounded. (Press . to maintain the ray.)
The orc warlord is engulfed in blazing flames.
The orc warlord hits you with a +3 dire flail of protection!!
Casting: Searing Ray (safe; 1% risk of failure)
Confirm with . or Enter, or press ? or * to list all spells.
Aiming: Vampiric Draining (safe; 1% risk of failure)
Press: ? - help, Shift-Dir - straight line, f/p - orc warlord
Aim: an orc warlord, wielding a +3 dire flail of protection and wearing a +1 plate armour of fire resistance (flame, heavily wounded)
The orc warlord is severely wounded.
You feel life coursing into your body.
The orc warlord hits you with a +3 dire flail of protection!!
You die...
Kikubaaqudgha rasps: "You have failed me!
Welcome... death!"

#........{.._.##B#.....#....
##......{.....##..##.......#
###......#....#.###...#....
##..).####..'.###.....##.#
#.{..## #######.......# #
##{### ##.#.#..### ##[## ###
####....## ##{## ##r##
#....### ##)###@#.##
##....#.
##{#o###.######.....## ##o##
##.##.#.....### ###
##.##.#.#...###.
##.##.###.#####.# #.##.##
##.###.## ##..## ##.#.#.#
#### ##.#.## #####


You could see an orc warlord, an orc warrior (strong) and a friendly river rat.

Vanquished Creatures
  An ettin (Orc:1)
  Fannar (Orc:1)
  2 two-headed ogres
  The ghost of akumoriri the Shield-Bearer, a novice GnFi of Gozag (D:7)
  2 unseen horrors (D:10)
  2 orc knights
  Pikel (D:4)
  An oklob plant (D:10)
  An orc sorcerer (Orc:1)
  A troll (Orc:1)
  Prince Ribbit (D:6)
  A hornet (D:7)
  Grinder (D:2)
  5 slime creatures (D:9)
  A vampire (D:10)
  3 yaks (D:8)
  A steam dragon (D:9)
  A warg (Orc:1)
  A water moccasin (D:8)
  Purgy (Sewer)
  An eye of draining (D:10)
  21 orc warriors
  2 sky beasts (D:9)
  6 ogres
  3 ice beasts
  3 phantoms
  A necrophage (D:9)
  3 centaurs
  2 lemures (D:4)
  6 bullfrogs
  A wyvern skeleton (D:10)
  2 scorpions
  A water moccasin skeleton (D:7)
  19 killer bees
  11 wights
  3 howler monkeys
  A bullfrog zombie (D:7)
  5 hounds
  4 jellies
  2 bullfrog skeletons
  12 orc priests
  A centaur skeleton (D:5)
  Jessica (D:2)
  5 iguanas
  14 orc wizards
  A hell rat (D:6)
  8 worker ants
  A hound zombie (D:8)
  Robin (D:4)
  5 hound skeletons
  11 gnolls
  6 river rats (D:6)
  9 adders
  2 shadow imps (D:8)
  4 white imps
  An ufetubus (D:9)
  3 oozes
  An adder skeleton (D:8)
  6 worms
  6 leopard geckos
  62 orcs
  5 ball pythons
  8 giant cockroaches
  8 hobgoblins
  12 jackals
  2 quokkas
  5 bats
  3 frilled lizards
  14 goblins
  6 kobolds
  A quokka zombie (D:8)
  21 rats
  A spectral orc (D:5)
372 creatures vanquished.

Vanquished Creatures (collateral kills)
  2 killer bees (D:7)
2 creatures vanquished.

Vanquished Creatures (others)
  11 plants
11 creatures vanquished.

Grand Total: 385 creatures vanquished

Notes
Turn   | Place    | Note
-------+----------+-------------------------------------------
     0 | D:1      | DildoBatman the Formicid Conjurer began the quest for the
                  | Orb.
     0 | D:1      | Reached XP level 1. HP: 13/13 MP: 3/3
    64 | D:1      | Reached XP level 2. HP: 19/19 MP: 0/5
   236 | D:1      | Learned a level 2 spell: Searing Ray
   907 | D:2      | Reached XP level 3. HP: 24/24 MP: 1/6
  1034 | D:2      | Reached XP level 4. HP: 21/30 MP: 2/7
  1080 | D:2      | Reached skill level 5 in Conjurations
  1114 | D:2      | Noticed Jessica
  1274 | D:2      | Found a sacrificial altar of Ru.
  1669 | D:3      | Reached XP level 5. HP: 35/35 MP: 5/8
  1707 | D:3      | Noticed Grinder
  2234 | D:3      | Found a shimmering blue altar of Sif Muna.
  2573 | D:4      | Noticed a lemure
  2584 | D:4      | Killed a lemure
  2611 | D:4      | Found a radiant altar of Vehumet.
  2626 | D:4      | Found an opulent altar of Gozag.
  2671 | D:4      | Found a glowing drain.
  2701 | Sewer    | Entered a sewer
  2717 | Sewer    | Reached XP level 6. HP: 42/42 MP: 4/9
  2719 | Sewer    | Reached skill level 1 in Armour
  2767 | Sewer    | Noticed Purgy
  2789 | Sewer    | Killed Purgy
  2790 | Sewer    | Reached skill level 1 in Fighting
  3013 | D:5      | Entered Level 5 of the Dungeon
  3176 | D:5      | Found a shimmering altar of Xom.
  3296 | D:5      | Found a basalt altar of Yredelemnul.
  3849 | D:6      | Reached XP level 7. HP: 50/50 MP: 6/12
  4036 | D:6      | Found an iron altar of Okawaru.
  4036 | D:6      | Found a hide-covered altar of Uskayaw.
  4092 | D:7      | Noticed Prince Ribbit
  4101 | D:7      | Reached skill level 5 in Spellcasting
  4258 | D:7      | Reached XP level 8. HP: 34/56 MP: 10/17
  4418 | D:7      | Found a transporter.
  4420 | D:7      | Found a transporter.
  4455 | D:7      | Found a staircase to the Ecumenical Temple.
  4470 | D:7      | Found a broken altar of Ashenzari.
  4516 | D:7      | HP: 1/58 [killer bee (5)]
  4551 | D:7      | Reached XP level 9. HP: 34/65 MP: 7/19
  4586 | Temple   | Entered the Ecumenical Temple
  4596 | Temple   | Became a worshipper of Kikubaaqudgha
  4634 | D:7      | Found a flagged portal.
  4639 | Bailey   | Entered a bailey
  4799 | Bailey   | Reached skill level 5 in Fighting
  4799 | Bailey   | Reached skill level 5 in Armour
  4799 | Bailey   | Reached skill level 1 in Necromancy
  4838 | Bailey   | Noticed an orc knight
  5109 | Bailey   | Reached skill level 2 in Necromancy
  5161 | Bailey   | Killed an orc knight
  5162 | Bailey   | Reached skill level 5 in Necromancy
  5220 | Bailey   | Reached skill level 6 in Necromancy
  5236 | Bailey   | Got a fading kite shield
  5436 | Bailey   | Gained mutation: Your muscles are strong. (Str +2) [potion
                  | of mutation]
  5436 | Bailey   | Gained mutation: Your flesh is heat resistant. (rF+)
                  | [potion of mutation]
  5436 | Bailey   | Gained mutation: You are covered in fur. (AC +1) [potion of
                  | mutation]
  5460 | D:7      | Reached XP level 10. HP: 73/74 MP: 16/20
  5571 | D:4      | Reached * piety under Kikubaaqudgha
  5571 | D:4      | Identified Kikubaaqudgha's Tome of Necromancy
                  | (Kikubaaqudgha gifted it to you on level 4 of the Dungeon)
  5571 | D:4      | Received a gift from Kikubaaqudgha
  5638 | D:2      | Killed Grinder
  5639 | D:2      | Reached skill level 7 in Necromancy
  5666 | D:2      | Killed Jessica
  5797 | D:4      | Noticed Robin
  5809 | D:4      | Killed Robin
  5911 | D:4      | Lost mutation: You are covered in fur. (AC +1) [potion of
                  | mutation]
  5911 | D:4      | Lost mutation: Your muscles are strong. (Str +2) [potion of
                  | mutation]
  5911 | D:4      | Gained mutation: Your muscles are strong. (Str +2) [potion
                  | of mutation]
  5911 | D:4      | Gained mutation: Your flesh is very heat resistant. (rF++)
                  | [potion of mutation]
  5911 | D:4      | Gained mutation: Your movements are slightly less
                  | encumbered by armour. (ER -2) [potion of mutation]
  5911 | D:4      | Gained mutation: You possess an exceptional clarity of
                  | mind. [potion of mutation]
  5919 | D:4      | Reached skill level 8 in Necromancy
  6103 | D:4      | Noticed Pikel
  6113 | D:4      | Killed Pikel
  6114 | D:4      | Reached skill level 9 in Necromancy
  6157 | D:4      | Learned a level 2 spell: Sublimation of Blood
  6161 | D:4      | Learned a level 3 spell: Vampiric Draining
  6336 | D:5      | Reached skill level 1 in Shields
  6507 | D:6      | Killed Prince Ribbit
  6945 | D:6      | Identified the +0 kite shield of Repulsion {rElec rC- MP+9
                  | Str+6} (You found it in a bailey)
  7237 | D:6      | Reached ** piety under Kikubaaqudgha
  7496 | D:6      | Found the +2 ratskin cloak {*Rats rPois rN+ Str-1 Int-1
                  | Dex+1}
  7883 | D:7      | Noticed akumoriri's ghost (novice GnFi)
  8137 | D:8      | Reached skill level 5 in Shields
  8307 | D:8      | Found a stormy altar of Qazlal.
  8428 | D:8      | Found a white marble altar of Elyvilon.
  8505 | D:8      | Found Qeacoh's Jewellery Shop.
  8505 | D:8      | Noticed a two-headed ogre
  8530 | D:8      | Killed a two-headed ogre
  8531 | D:8      | Reached XP level 11. HP: 79/79 MP: 9/21
  8561 | D:8      | Lost mutation: Your muscles are strong. (Str +2) [potion of
                  | mutation]
  8561 | D:8      | Lost mutation: Your movements are slightly less encumbered
                  | by armour. (ER -2) [potion of mutation]
  8561 | D:8      | Gained mutation: You are weak. (Str -2) [potion of
                  | mutation]
  8561 | D:8      | Gained mutation: Your flesh is cold resistant. (rC+)
                  | [potion of mutation]
  8561 | D:8      | Gained mutation: You are agile. (Dex +2) [potion of
                  | mutation]
  8639 | D:8      | Reached *** piety under Kikubaaqudgha
  8639 | D:8      | Identified Kikubaaqudgha's Incunabulum of Black Arts
                  | (Kikubaaqudgha gifted it to you on level 8 of the Dungeon)
  8639 | D:8      | Received a gift from Kikubaaqudgha
  8646 | D:8      | Learned a level 4 spell: Dispel Undead
  8651 | D:8      | Got a faintly glowing wooden ring
  8653 | D:8      | Identified the ring "Eplau" {*Tele Dex+3} (You found it on
                  | level 8 of the Dungeon)
  8797 | D:8      | Found a hazy altar of Hepliaklqana.
  8904 | D:7      | Killed akumoriri's ghost
  9343 | D:9      | Found a blossoming altar of Fedhas.
  9379 | D:9      | Found Lufyom's Magic Scroll Shop.
  9451 | D:9      | Lost mutation: You are agile. (Dex +2) [potion of mutation]
  9451 | D:9      | Lost mutation: Your flesh is cold resistant. (rC+) [potion
                  | of mutation]
  9451 | D:9      | Gained mutation: Your body sometimes deteriorates upon
                  | taking damage. [potion of mutation]
  9451 | D:9      | Gained mutation: You have large cloven feet. [potion of
                  | mutation]
  9451 | D:9      | Gained mutation: You are robust. (+10% HP) [potion of
                  | mutation]
  9491 | D:9      | Noticed a two-headed ogre
  9521 | D:9      | Killed a two-headed ogre
  9613 | D:9      | Lost mutation: You have large cloven feet. [potion of
                  | mutation]
  9613 | D:9      | Lost mutation: You are weak. (Str -2) [potion of mutation]
  9613 | D:9      | Lost mutation: Your flesh is very heat resistant. (rF++)
                  | [potion of mutation]
  9613 | D:9      | Gained mutation: You have sharp toenails. [potion of
                  | mutation]
  9864 | D:10     | Entered Level 10 of the Dungeon
  9864 | D:10     | Noticed an unseen horror
  9869 | D:10     | Killed an unseen horror
  9909 | D:10     | Reached skill level 10 in Necromancy
  9911 | D:10     | Reached **** piety under Kikubaaqudgha
  9914 | D:10     | Reached XP level 12. HP: 97/97 MP: 21/22
  9920 | D:10     | Noticed an unseen horror
  9927 | D:10     | Killed an unseen horror
  9928 | D:10     | Reached skill level 5 in Dodging
 10010 | D:10     | Learned a level 3 spell: Conjure Flame
 10224 | D:10     | Reached skill level 1 in Fire Magic
 10275 | D:10     | Found a staircase to the Orcish Mines.
 10473 | D:10     | Found a staircase to the Lair.
 10673 | Orc:1    | Entered Level 1 of the Orcish Mines
 10673 | Orc:1    | Found Geehudgh's Weapon Emporium.
 10673 | Orc:1    | Noticed an orc warlord
 10680 | Orc:1    | Noticed an ettin
 10689 | Orc:1    | Found a bloodstained altar of Trog.
 10695 | Orc:1    | Noticed Fannar
 10711 | Orc:1    | Reached ***** piety under Kikubaaqudgha
 10781 | Orc:1    | Killed an ettin
 10845 | Orc:1    | Killed Fannar
 11183 | Orc:1    | Slain by an orc warlord

Illustrated notes

Levels and vault maps discovered:
D:1:      mrwooster_arrival_arrow, layout_loops_ring, grunt_decor_fettered
D:2:      layout_rooms, lemuel_crystal_altar, uniq_jessica
D:3:      layout_rooms, lemuel_doored_altar, uniq_grinder
D:4:      layout_loops_ring, kennysheep_mini_moat, lemuel_crystal_altar,
          portal_sewer_entry_b, hangedman_decor_riveting, uniq_pikel, uniq_robin
D:5:      layout_loops_ring, old_standard_altar,
          yredelemnul_forgotten_temple_becter, kennysheep_generic_room_8
D:6:      wander_guarded_unrand_ratskin, layout_layer_cave,
          gammafunk_temple_overflow_pools, minmay_starry_boxes
D:7:      layout_basic, kennysheep_mini, minmay_temple_entry_mini_moons,
          enter_bailey_3, gammafunk_ghost_hive, minmay_misc_feat_doors,
          minmay_fractal_squares_gapless_5, uniq_prince_ribbit1
D:8:      layout_loops_ring, old_standard_altar,
          nicolae_qazlal_style_of_elements, marbit_many_paths, serial_shops,
          shop_fountains
D:9:      minmay_opposing_rooms, layout_gridville, fedhas_altar_3, serial_shops,
          nicolae_shop_window_shopping, nrook_pool_corridor
D:10:     layout_basic, dpeg_oklobed_lair, david_orc_4
Temple:   jpeg_temple_island
Orc:1:    layout_caves, serial_shops, shop, trog_butcher_becter, uniq_fannar

Skill      XL: |  1  2  3  4  5  6  7  8  9 10 11 12 |
---------------+-------------------------------------+-----
Conjurations   | 4 5 6 |  6.0
Armour         | 2 4 5 6 8 |  8.1
Fighting       | 2 3 5 6 8 |  8.0
Spellcasting   | 3 6 7 |  7.0
Dodging        | 3 4 6 |  6.0
Necromancy     | 6 9 10 | 10.6
Shields        | 7 9 |  9.0
Fire Magic     | 3 |  3.3
Stealth        | |  2.4

Action                   |  1- 3 |  4- 6 |  7- 9 | 10-12 || total
-------------------------+-------+-------+-------+-------++-------
Melee: Club              |     1 |       |       |       ||     1
       Whip              |       |    33 |     2 |       ||    35
       Short sword       |       |     4 |       |       ||     4
       Falchion          |       |       |    11 |   213 ||   224
       Kick              |       |       |       |    38 ||    38
       Hand axe          |       |       |       |     1 ||     1
 Fire: Hunting sling     |     7 |    66 |   169 |       ||   242
Throw: Dart              |       |       |     8 |       ||     8
 Cast: Magic Dart        |    16 |    17 |     9 |    15 ||    57
       Searing Ray       |     5 |    16 |    44 |   130 ||   195
       Dispel Undead     |       |       |       |     2 ||     2
       Vampiric Draining |       |       |       |    15 ||    15
       Conjure Flame     |       |       |       |     7 ||     7
       Sublimation of Bl |       |       |       |     1 ||     1
 Abil: Dig               |       |    13 |    17 |    27 ||    57
Evoke: Wand              |       |       |       |     4 ||     4
  Use: Scroll            |       |     6 |     5 |     5 ||    16
       Potion            |       |       |     7 |     4 ||    11
 Stab: Sleeping          |       |       |       |     6 ||     6
Armor: Leather armour    |       |     8 |       |       ||     8
       Robe              |       |     5 |     4 |    56 ||    65
       Troll leather arm |       |       |       |     4 ||     4
Dodge: Dodged            |     2 |    33 |    67 |   238 ||   340
Block: Kite shield       |       |       |       |   152 ||   152
       Rpst.: Falchion   |       |       |    20 |    67 ||    87
